 Dungeon Crawl Stone Soup version 0.27.0-1-g7a089689b8 (webtiles) character file.

Game seed: 3745681465177103050

1 Descartes the Grasshopper (level 1, -1/10 HPs)
             Began as a Spriggan Warper on Aug 12, 2021.
             Slain by a quokka (4 damage)
             ... on level 1 of the Dungeon.
             The game lasted 00:00:42 (76 turns).

Descartes the Grasshopper (Spriggan Warper)           Turns: 76, Time: 00:00:42

Health: -1/10      AC:  2    Str:  7    XL:     1   Next: 16%
Magic:  5/5        EV: 17    Int: 14    God:
Gold:   0          SH:  0    Dex: 14    Spells: 5/5 levels left

rFire    . . .     SeeInvis +   a - +0 short sword
rCold    . . .     Faith    .   (shield restricted)
rNeg     . . .     Spirit   .   b - +0 robe
rPois    .         Reflect  .   (helmet restricted)
rElec    .         Harm     .   (no cloak)
rCorr    .         Rampage  .   (gloves unavailable)
Will     .....                  (boots unavailable)
Stlth    +.........             (no amulet)
HPRegen  0.03/turn              (no ring)
MPRegen  0.09/turn              (no ring)

@: very quick
A: very small, no large weapons, unfitting armour, see invisible, speed 3
a: no special abilities


You were on level 1 of the Dungeon.
You visited 1 branch of the dungeon, and saw 1 of its levels.

Inventory:

Hand Weapons
 a - a +0 short sword (weapon)
Missiles
 d - 5 boomerangs of dispersal (quivered)
Armour
 b - a +0 robe (worn)
Scrolls
 c - a scroll of blinking


   Skills:
 - Level 1.5 Fighting
 + Level 2.2 Short Blades
 - Level 1.0 Throwing
 + Level 3.2 Dodging
 + Level 0.0 Stealth
 + Level 2.7 Spellcasting
 + Level 4.4 Translocations


You had 5 spell levels left.
You didn't know any spells.
Your spell library contained the following spells:

 Spells                   Type           Power      Damage    Failure   Level
 Blink                    Tloc           N/A        N/A       5%          2
 Gell's Gravitas          Tloc           7%         N/A       11%         3
 Lesser Beckoning         Tloc           7%         N/A       11%         3
 Teleport Other           Tloc           14%        N/A       11%         3
 Manifold Assault         Tloc           14%        N/A       69%         5


Dungeon Overview and Level Annotations

Branches:
Dungeon (1/15)

Altars:


Innate Abilities, Weirdness & Mutations

You are very small and have problems with some larger weapons.
You are too small for most types of armour.
You have supernaturally acute eyesight. (SInv)
You cover ground extremely quickly. (Speed+++)


Message History

You barely miss the hobgoblin.
The hobgoblin is heavily wounded.
The quokka completely misses you. The hobgoblin completely misses you.
The ball python barely misses you. The ball python misses you.
The quokka closely misses you.
You hit the hobgoblin.
The hobgoblin is severely wounded.
The hobgoblin completely misses you.
The ball python bites you but does no damage.
The ball python grabs you. The ball python constricts you.
The quokka barely misses you.
You barely miss the ball python. The hobgoblin hits you.
The ball python closely misses you. The ball python constricts you.
The quokka bites you but does no damage.
You barely miss the ball python. The hobgoblin hits you.
The ball python closely misses you. The ball python constricts you.
The quokka barely misses you.
You are too injured to fight recklessly!
You are too injured to fight recklessly!
You are too injured to fight recklessly!
You are too injured to fight recklessly!
You are too injured to fight recklessly!
You are too injured to fight recklessly!
You are too injured to fight recklessly!
You are too injured to fight recklessly!
You are too injured to fight recklessly!
You are too injured to fight recklessly!
You are too injured to fight recklessly!
You are too injured to fight recklessly!
You are too injured to fight recklessly!
You are too injured to fight recklessly!
You are too injured to fight recklessly!
The ball python's grasp on you weakens, but your attempt to escape fails.
The ball python closely misses you. The ball python constricts you.
The hobgoblin barely misses you. The quokka bites you.
* * * LOW HITPOINT WARNING * * *
You escape the ball python's grasp.
The ball python closely misses you. The ball python misses you.
The quokka bites you.
You die...

.....##..#.##....#
#............##
####.#.#####.# ###.g..#
..# #...S########.#
##.#r........ ..
#....########
##########g##########
#.....@r............##
#........S.⌠..........#
#......⌠.......⌠......#
##...................##
##..⌠...⌠...⌠...⌠..##
##.....[.........##
##.⌠....⌠....⌠.##
##(..........##
#..⌠...⌠..##


You could see a quokka, a hobgoblin and a ball python.

Vanquished Creatures
  An endoplasm (D:1)
1 creature vanquished.

Notes
Turn   | Place    | Note
-------+----------+-------------------------------------------
     0 | D:1      | Descartes the Spriggan Warper began the quest for the Orb.
     0 | D:1      | Reached XP level 1. HP: 10/10 MP: 5/5
    76 | D:1      | Slain by a quokka

Illustrated notes

Levels and vault maps discovered:
D:1:      dpeg_arrival_lava_temple_mockup, layout_rooms,
          shapermc_ecumenical_altar_hornbeckon, chequers_serial_rivers_large_b

Action                   || total
-------------------------++-------
Melee: Short sword       ||    11
Armor: Robe              ||     2
Dodge: Dodged            ||    25
